 Dungeon Crawl Stone Soup version 0.28.0-43-g3370ac3207 (webtiles) character file.

Game seed: 5862480745815616685

8635 FrostSilk the Cleaver (level 11, -2/102 HPs)
             Began as a Minotaur Berserker on Mar 9, 2022.
             Was an Elder of Trog.
             Succumbed to a naga's splash of poison
             ... on level 2 of the Lair of Beasts.
             The game lasted 00:38:11 (11582 turns).

FrostSilk the Cleaver (Minotaur Berserker)         Turns: 11582, Time: 00:38:12

Health: -2/102     AC: 19    Str: 26    XL:     11   Next: 12%
Magic:  10/10      EV: 11    Int:  4    God:    Trog [****..]
Gold:   484        SH: 15    Dex: 16    Spells: 10/10 levels left

rFire   . . .      SeeInvis +   a - +2 hand axe
rCold   x . .      Faith    .   B - +0 tower shield
rNeg    . . .      Spirit   .   p - +0 acid dragon scales
rPois   .          Reflect  .   (helmet restricted)
rElec   .          Harm     .   C - +2 cloak
rCorr   +          Rampage  .   q - +0 pair of gloves
Will    ++...                   G - +0 pair of boots
Stlth   +.........              s - amulet "Ogytilai" {RegenMP rC- Will++ SInv}
HPRegen 0.27/turn               v - +4 ring of protection
MPRegen 0.52/turn               j - +6 ring of dexterity

@: lethally poisoned (-2 -> -8), on berserk cooldown, slowed, very slow
A: horns 2, retaliatory headbutt
a: Renounce Religion, Berserk, Trog's Hand, Brothers in Arms


You were on level 2 of the Lair of Beasts.
You worshipped Trog.
Trog was greatly pleased with you.
You visited 3 branches of the dungeon, and saw 11 of its levels.

You collected 484 gold pieces.

Inventory:

Hand Weapons
 a - a +2 hand axe (weapon)
 h - a +0 mace of protection
 o - a +0 battleaxe
 r - a +3 great sword
 u - a +2 halberd
 K - a +0 hand axe of electrocution
Missiles
 y - 7 poisoned darts (quivered)
Armour
 e - a +0 cloak
 k - a +0 scale mail
 p - +0 acid dragon scales (worn)
 q - a +0 pair of gloves (worn)
 w - a +2 leather armour of cold resistance
 B - a +0 tower shield (worn)
 C - a +2 cloak (worn)
 G - a +0 pair of boots (worn)
Jewellery
 d - a ring of positive energy
 j - a +6 ring of dexterity (right hand)
 s - the amulet "Ogytilai" (around neck) {RegenMP rC- Will++ SInv}
   (You found it on level 4 of the Dungeon)

   [amulet of magic regeneration]

   It increases your rate of magic regeneration.
   rC:        It makes you vulnerable to cold.
   SInv:      It lets you see invisible.
   Will:      It greatly increases your willpower.
 v - a +4 ring of protection (left hand)
 M - an amulet of regeneration
Wands
 m - a wand of iceblast (27)
 F - a wand of charming (14)
 I - a wand of flame (21)
 J - a wand of mindburst (6)
 N - a wand of paralysis (4)
Scrolls
 b - 2 scrolls of blinking
 i - 2 scrolls of teleportation
 n - 3 scrolls of fear
 t - a scroll of identify
 x - 2 scrolls of fog
Potions
 c - 2 potions of curing
 f - 3 potions of brilliance
 g - 3 potions of flight
 l - a potion of magic
 z - a potion of resistance
 A - a potion of heal wounds
 D - a potion of attraction
 E - 4 potions of haste
 H - a potion of degeneration {unknown}
 O - a potion of cancellation


   Skills:
 + Level 11.0 Fighting
 + Level 11.0 Axes
 + Level 10.7 Armour
 - Level 6.7 Dodging
 + Level 7.5 Shields


You had 10 spell levels left.
You didn't know any spells.
Your spell library contained the following spells:

 Spells                   Type           Power      Damage    Failure   Level
 Dazzling Flash           Conj/Hex       0%         N/A       100%        3
 Iskenderun's Mystic Bla  Conj/Tloc      0%         2d3       100%        4
 Starburst                Conj/Fire      0%         6d3       100%        6


Dungeon Overview and Level Annotations

Branches:
Dungeon (8/15)             Temple (1/1) D:7            Lair (2/6) D:8
  Snake (0/4) Lair:2
  Swamp: Lair:2-4    Shoals: Lair:2-4

Altars:
Ashenzari
Elyvilon
Okawaru
Ru
Uskayaw
Vehumet
Yredelemnul

Shops:
D:7 =

Annotations:
D:2 1 runed translucent door, Crazy Yiuf


Innate Abilities, Weirdness & Mutations

You have a pair of horns on your head.
You reflexively headbutt those who attack you in melee.


Message History

You block the splash of poison.
You closely miss the naga. You headbutt the naga!
The naga is severely wounded.
You feel sick.
The naga hits you from afar with a +0 glaive.
* * * LOW HITPOINT WARNING * * *
The naga hits you with a +0 long sword!
* * * LOW HITPOINT WARNING * * *
You block the naga's attack.
You slash the naga!
The naga is almost dead.
You feel sick.
The naga hits you from afar with a +0 glaive!
* * * LOW HITPOINT WARNING * * *
You block the naga's attack. x2
You hit the naga but do no damage. You headbutt the naga.
You kill the naga!
Trog accepts your kill.
You feel sick.
Okay, then.
You feel a strong urge to attack something.
You feel sick.
You are no longer berserk.
You are exhausted.
You feel yourself slow down.
You feel sick. The naga spits poison at you.
The splash of poison hits you but does no damage.
You are lethally poisoned!
* * * LOW HITPOINT WARNING * * *
You feel sick.
* * * LOW HITPOINT WARNING * * *
You feel sick.
* * * LOW HITPOINT WARNING * * *
You feel sick.
* * * LOW HITPOINT WARNING * * *
You feel sick. The naga spits poison at you.
The splash of poison hits you but does no damage.
You are more poisoned.
You die...

#.......# #≈.≈).)≈PP#
#..#...## ##≈≈...≈≈##
#..#...^# ####.####
##.P.).## #N...# #P.P....#
####...## ##.##.###
#.#....# ##.# ##
##.....##### #..## ##
#.......P.. ##..###
##.##@.....P... ##....#
#.............. #.....#
##.............. P.....#
##...............
....######........#......#
....# #.......#.######..#.
....###...#..#....# [..
.....#....###....## #.
.........## #.....#


You could see a naga.

Vanquished Creatures
  Pikel (D:4)
  An elephant (Lair:2)
  3 komodo dragons (Lair:1)
  A troll (D:8)
  A wyvern (Lair:1)
  6 yaks (Lair:1)
  Grum (D:8)
  3 nagas (Lair:2)
  An acid dragon (D:8)
  4 water moccasins
  A black bear (D:4)
  2 ice beasts
  2 necrophages
  2 centaurs
  3 ogres
  5 wolves (D:8)
  2 lemures (D:4)
  3 phantoms
  2 kobold brigands (D:5)
  4 bullfrogs (Lair:1)
  A scorpion (D:6)
  2 water moccasin skeletons (D:4)
  11 wights
  3 electric eels (D:8)
  A howler monkey (D:8)
  2 centaur zombies
  A jelly (D:3)
  An orc priest (D:8)
  5 hounds
  A gnoll shaman (D:7)
  A centaur skeleton (D:5)
  3 iguanas
  9 orc wizards
  A killer bee zombie (D:7)
  A hound skeleton (D:3)
  9 gnolls
  8 adders
  A shadow imp (D:7)
  2 white imps
  A dart slug (D:2)
  43 orcs
  5 endoplasms
  7 giant cockroaches
  6 goblins
  13 hobgoblins
  A jackal (D:1)
  12 kobolds
  5 quokkas
  8 ball pythons
  8 bats
  7 frilled lizards
  A quokka zombie (D:3)
  7 rats
235 creatures vanquished.

Vanquished Creatures (collateral kills)
  3 elephants (Lair:2)
  A komodo dragon (Lair:2)
4 creatures vanquished.

Vanquished Creatures (others)
  A fire vortex (D:8)
  4 plants
5 creatures vanquished.

Grand Total: 244 creatures vanquished

Notes
Turn   | Place    | Note
-------+----------+-------------------------------------------
     0 | D:1      | FrostSilk the Minotaur Berserker began the quest for the
                  | Orb.
     0 | D:1      | Reached XP level 1. HP: 19/19 MP: 0/0
   347 | D:1      | Reached XP level 2. HP: 27/27 MP: 1/1
   799 | D:1      | Reached XP level 3. HP: 23/33 MP: 2/2
   991 | D:1      | Reached ** piety under Trog
  2431 | D:2      | Reached XP level 4. HP: 34/40 MP: 3/3
  2713 | D:2      | Noticed a necrophage
  2721 | D:2      | Killed a necrophage
  2722 | D:2      | Reached XP level 5. HP: 47/47 MP: 4/4
  2806 | D:2      | Found a runed translucent door.
  2807 | D:2      | Noticed Crazy Yiuf
  3319 | D:3      | Reached skill level 5 in Fighting
  3432 | D:3      | Reached *** piety under Trog
  3439 | D:3      | Reached skill level 5 in Axes
  3443 | D:3      | Found a faded altar of an unknown god.
  3579 | D:3      | Found a radiant altar of Vehumet.
  3623 | D:3      | Reached XP level 6. HP: 55/56 MP: 5/5
  4041 | D:4      | Noticed Pikel
  4056 | D:4      | Killed Pikel
  4057 | D:4      | Reached skill level 5 in Armour
  4057 | D:4      | Reached XP level 7. HP: 40/63 MP: 6/6
  4304 | D:4      | Reached skill level 5 in Dodging
  4692 | D:4      | Reached XP level 8. HP: 50/71 MP: 7/7
  5057 | D:4      | Identified the amulet "Ogytilai" {RegenMP rC- Will++ SInv}
  5086 | D:4      | Found a hide-covered altar of Uskayaw.
  5298 | D:4      | Found an iron altar of Okawaru.
  5583 | D:5      | Entered Level 5 of the Dungeon
  6117 | D:5      | Reached **** piety under Trog
  6370 | D:5      | Found a white marble altar of Elyvilon.
  6506 | D:5      | Reached XP level 9. HP: 51/81 MP: 8/8
  7034 | D:6      | Reached skill level 1 in Shields
  7706 | D:7      | Found Noheifo's One-of-a-Kind Rings.
  7939 | D:7      | Found a staircase to the Ecumenical Temple.
  7950 | Temple   | Entered the Ecumenical Temple
  8077 | D:7      | Found a sacrificial altar of Ru.
  8465 | D:8      | Reached ***** piety under Trog
  8985 | D:8      | Found a basalt altar of Yredelemnul.
  9014 | D:8      | Noticed Grum
  9028 | D:8      | Killed Grum
  9029 | D:8      | Reached XP level 10. HP: 91/91 MP: 9/9
  9351 | D:8      | Found a staircase to the Lair.
  9374 | D:8      | Reached skill level 5 in Shields
 10442 | Lair:1   | Entered Level 1 of the Lair of Beasts
 10749 | Lair:1   | Reached skill level 10 in Fighting
 10749 | Lair:1   | Reached skill level 10 in Axes
 10789 | Lair:1   | Reached skill level 10 in Armour
 11415 | Lair:2   | Noticed an elephant
 11416 | Lair:2   | Noticed an elephant
 11417 | Lair:2   | Noticed an elephant
 11418 | Lair:2   | Noticed an elephant
 11425 | Lair:2   | Killed an elephant
 11428 | Lair:2   | Killed an elephant
 11429 | Lair:2   | Killed an elephant
 11430 | Lair:2   | Reached XP level 11. HP: 101/101 MP: 10/10
 11554 | Lair:2   | Found a staircase to the Snake Pit.
 11578 | Lair:2   | HP: 5/102 [poisoned by a naga (splash of poison)]
 11580 | Lair:2   | HP: 1/102 [poisoned by a naga (splash of poison)]
 11582 | Lair:2   | Succumbed to a naga's splash of poison

Illustrated notes

Levels and vault maps discovered:
D:1:      lemuel_arrival_tunnels, layout_loops_ring, minmay_misc_feat_rows,
          minmay_distorted
D:2:      minmay_razor_zed, layout_basic, uniq_crazy_yiuf_cottage
D:3:      layout_basic, marbit_many_paths, ebering_ecumenical_altar_petrified,
          minmay_fractal_squares_5
D:4:      layout_layer_cave, okawaru_altar_gauntlet_db,
          mainiacjoe_overflow_24_doors, uniq_pikel
D:5:      cheibrodos_thug_alley, layout_cave_pools, mainiacjoe_overflow_alcove_2
D:6:      layout_basic
D:7:      layout_loops_ring, nicolae_ru_awakened_eye,
          minmay_temple_entry_arrows, nicolae_shop_unique_rings,
          nicolae_elevator_lobby_plus
D:8:      layout_loops_ring, mainiacjoe_overflow_small_starburst,
          erik_lair_island, kennysheep_cross_bottleneck, hangedman_incinerator,
          uniq_grum
Temple:   hc_temple_tempest_star
Lair:1:   layout_regular_city
Lair:2:   layout_misc_corridors, guppyfry_snake_entry_garden,
          serial_bayou_lagoon_a, serial_bayou_shore_b

Skill      XL: |  1  2  3  4  5  6  7  8  9 10 11 |
---------------+----------------------------------+-----
Fighting       | 4 5 6 8 9 10 11 | 11.0
Axes           | 4 5 6 7 9 10 11 | 11.0
Armour         | 3 4 5 6 7 9 10 | 10.7
Dodging        | 3 4 5 6 |  6.7
Shields        | 4 7 |  7.5

Action                   |  1- 3 |  4- 6 |  7- 9 | 10-12 || total
-------------------------+-------+-------+-------+-------++-------
Melee: Hand axe          |    88 |   111 |   338 |   144 ||   681
       Headbutt          |    11 |    22 |    64 |    48 ||   145
       Punch             |     1 |       |     1 |       ||     2
Throw: Dart              |       |       |       |     3 ||     3
Invok: Berserk           |     2 |     3 |     8 |     5 ||    18
       Trog's Hand       |       |       |       |     1 ||     1
       Brothers in Arms  |       |       |       |     1 ||     1
  Use: Scroll            |     6 |     4 |    10 |     3 ||    23
       Potion            |       |       |     1 |       ||     1
Armor: Animal skin       |    20 |     2 |       |       ||    22
       Scale mail        |       |    35 |   144 |       ||   179
       Acid dragon scale |       |       |    18 |    52 ||    70
Dodge: Dodged            |    44 |    66 |   161 |    46 ||   317
Block: Tower shield      |       |       |   153 |   114 ||   267
